 Dungeon Crawl Stone Soup version 0.29.1-15-g9cfb28693d (webtiles) character file.

Game seed: 18068476679861970536

865 fleeber the Trooper (level 8, -4/61 HPs)
             Began as a Djinni Fire Elementalist on Apr 7, 2023.
             Killed from afar by a white imp (6 damage)
             ... with a puff of frost
             ... summoned by Natasha
             ... on level 4 of the Dungeon.
             The game lasted 00:17:24 (4437 turns).

fleeber the Trooper (Djinni Fire Elementalist)      Turns: 4437, Time: 00:17:25

Health: -4/61      AC:  4    Str: 13    XL:     8   Next: 23%
Gold:   312        EV: 12    Int: 18    God:
                   SH:  5    Dex: 15

rFire   + + .      SeeInvis +   f - staff of air
rCold   . . .      Faith    .   (no shield)
rNeg    . . .      Spirit   .   y - +0 leather armour of Twilight {rC+}
rPois   ∞          Reflect  +   B - +0 mask of the Dragon {Will+ Slay+3 SInv}
rElec   +          Harm     .   e - +0 cloak
rCorr   .          Rampage  .   (no gloves)
Will    +....                   (boots unavailable)
Stlth   ++........              t - amulet of reflection
HPRegen 0.20/turn               i - ring of see invisible
MPRegen 0.00/turn               r - +6 ring of strength

@: flying, very slightly contaminated
A: sickness immunity, fire resistance 2, cold vulnerability 1, float, innate
caster, HP casting, extra vitality 1
a: no special abilities


You were on level 4 of the Dungeon.
You visited 1 branch of the dungeon, and saw 4 of its levels.

You collected 312 gold pieces.

Inventory:

Armour
 a - a +0 robe
 e - a +0 cloak (worn)
 y - the +0 leather armour of Twilight (worn) {rC+}
   (You found it on level 4 of the Dungeon)

   rC:        It protects you from cold.
 B - the +0 mask of the Dragon (worn) {Will+ Slay+3 SInv}
   (You found it on level 4 of the Dungeon)

   Slay:      It affects your accuracy & damage with ranged weapons and melee
   (+3).
   SInv:      It lets you see invisible.
   Will:      It increases your willpower.
Magical Staves
 f - a staff of air (weapon)
Jewellery
 i - a ring of see invisible (left hand)
 r - a +6 ring of strength (right hand)
 t - an amulet of reflection (around neck)
Wands
 o - a wand of roots (14)
 w - a wand of flame (7)
Scrolls
 d - 3 scrolls of identify {unknown}
 l - 2 scrolls of fear {unknown}
 m - 2 scrolls of enchant weapon {unknown}
 n - 2 scrolls of poison {unknown}
 q - a scroll of brand weapon {unknown}
 s - 2 scrolls of immolation {unknown}
 u - a scroll of vulnerability {unknown}
 v - 4 scrolls of enchant armour {unknown}
 x - a scroll of butterflies {unknown}
Potions
 b - a potion of curing
 c - a potion of mutation {unknown}
 g - a potion of invisibility {unknown}
 h - 2 potions of degeneration {unknown}
 j - a potion of magic {unknown}
 k - a potion of brilliance
 p - a potion of cancellation {unknown}
 z - a potion of lignification {unknown}
 A - a potion of heal wounds {unknown}
 C - a potion of haste {unknown}


   Skills:
 + Level 6.0 Fighting
 - Level 2.1 Dodging
 - Level 1.5 Stealth
 + Level 5.3 Spellcasting


You couldn't memorise any spells.
You knew the following spells:

 Your Spells              Type           Power      Damage    Failure   Level
a - Foxfire               Conj/Fire      96%        2x1d8     1%          1
b - Scorch                Fire           48%        2d7       2%          2
c - Conjure Flame         Conj/Fire      24%        6-21      5%          3
d - Inner Flame           Hex/Fire       24%        N/A       5%          3
e - Flame Wave            Conj/Fire      24%        2d8       19%         4
f - Sandblast             Erth           48%        2d12      1%          1
g - Call Imp              Summ           24%        N/A       2%          2
h - Blink                 Tloc           48%        N/A       2%          2
Your spell library was empty.

Dungeon Overview and Level Annotations

Branches:
Dungeon (4/15)
 Temple: D:4-7

Altars:
Dithmenos

Shops:
D:1 !

Annotations:
D:3 2 transporters, Andrakon's ghost, amateur MiFi
D:4 Natasha


Innate Abilities, Weirdness & Mutations

You are immune to sickness and miasma.
You are immune to poison.
Your flesh is very heat resistant. (rF++)
You are vulnerable to cold. (rC-)
You float through the air rather than walking.
You learn spells naturally, not from books.
Your magical power is your life essence.
You have superior vitality. (+4 MHP)


Message History

You miscast Scorch.
You are very lightly contaminated with residual magic.
Nothing appears to happen.
* * * LOW HITPOINT WARNING * * *
Natasha barely misses you.
Your crimson imp barely misses Natasha.
The shadow imp shouts, "Get thee hence, thou peeagling tardy-gaited mendicant!"
The shadow imp barely misses your crimson imp.
Flames lash Natasha.
Natasha is burned terribly!
Natasha is severely wounded.
* * * LOW HITPOINT WARNING * * *
Natasha claws you.
* * * LOW HITPOINT WARNING * * *
Your crimson imp closely misses Natasha.
The shadow imp closely misses your crimson imp.
Flames lash the shadow imp.
You kill the shadow imp!
The shadow imp disappears in a puff of smoke!
* * * LOW HITPOINT WARNING * * *
Natasha casts a spell.
Your crimson imp hits Natasha.
Flames lash the white imp.
The white imp is burned terribly!
The white imp is heavily wounded.
The white imp's fire resistance burns away.
* * * LOW HITPOINT WARNING * * *
Natasha closely misses you.
Your crimson imp misses Natasha.
The white imp barely misses your crimson imp.
It was a potion of curing.
You feel better. Natasha closely misses you.
Your crimson imp hits Natasha but does no damage.
The white imp gestures at you. The puff of frost hits you!
* * * LOW HITPOINT WARNING * * *
Natasha is no longer more vulnerable to fire.
Natasha wildly gestures.
Natasha glows brightly for a moment.
Natasha claws your crimson imp!
Your crimson imp blinks!
The white imp shouts, "Quit, thou clouted sheep-biting slime mould!"
The white imp gestures at you. The puff of frost hits you.
You die...

....###........................>.
....#....#.......................
....#.#.##...............########
.(..#.#...................#######
......#...........§5...#.........
###..##........###[...#..........
###............###.##...#..).....
....###.....##.#...###..#........
.#### #.###.....@######..........
#######.#####....###..)÷.#.......
#.............#......÷...........
#.####..#####........).)##.......
#.####.#####..##.....##..#.......
..#.......#..###.....###.#.......
.##.........## #.....# ########.#
.##.......### #.....# #..
.########## ####### ###


You could see a white imp (summoned, combustible).

Vanquished Creatures
  Grinder (D:4)
  Duvessa (D:4)
  Dowan (D:4)
  A hound (D:4)
  2 orc wizards (D:4)
  3 iguanas
  Natasha (D:4)
  3 gnolls (D:4)
  5 adders
  2 worms
  3 dart slugs
  14 orcs
  12 ball pythons
  4 bats
  4 endoplasms
  3 giant cockroaches
  14 goblins
  4 hobgoblins
  9 jackals
  5 kobolds
  3 quokkas
  2 frilled lizards
  3 rats
100 creatures vanquished.

Vanquished Creatures (collateral kills)
  A black bear (D:4)
  A scorpion (D:3)
  A hobgoblin (D:4)
3 creatures vanquished.

Vanquished Creatures (others)
  261 foxfires
  7 plants
268 creatures vanquished.

Grand Total: 371 creatures vanquished

Notes
Turn   | Place    | Note
-------+----------+-------------------------------------------
     0 | D:1      | fleeber the Djinni Fire Elementalist began the quest for
                  | the Orb.
     0 | D:1      | fleeber set off with the following spells memorised:
                  | Foxfire, Scorch, Conjure Flame, Inner Flame, Flame Wave.
     0 | D:1      | Reached XP level 1. HP: 15/15 MP: 0/0
   362 | D:1      | Reached XP level 2. HP: 21/22 MP: 0/0
   452 | D:1      | Reached skill level 1 in Fighting
   616 | D:1      | Found Esanol's Distillery.
  1000 | D:2      | Reached XP level 3. HP: 21/27 MP: 0/0
  1000 | D:2      | Learned a level 1 spell: Sandblast
  1401 | D:2      | Reached skill level 2 in Fighting
  1432 | D:2      | Found a faded altar of an unknown god.
  1435 | D:2      | Reached XP level 4. HP: 32/33 MP: 0/0
  2014 | D:3      | Found a shadowy altar of Dithmenos.
  2128 | D:3      | Noticed a scorpion
  2303 | D:3      | Found a transporter.
  2306 | D:3      | Found a transporter.
  2312 | D:3      | Noticed Andrakon's ghost (amateur MiFi)
  2385 | D:3      | Reached XP level 5. HP: 25/40 MP: 0/0
  2385 | D:3      | Learned a level 2 spell: Call Imp
  2708 | D:3      | Reached skill level 3 in Fighting
  2804 | D:3      | Identified the +5 spear "Ahoinirr" {vamp, rN+ Str-5 Int+4
                  | Dex+4}
  2947 | D:4      | Reached XP level 6. HP: 30/46 MP: 0/0
  3137 | D:4      | Noticed Grinder
  3151 | D:4      | Killed Grinder
  3152 | D:4      | Reached skill level 4 in Fighting
  3152 | D:4      | Reached XP level 7. HP: 32/53 MP: 0/0
  3152 | D:4      | Learned a level 2 spell: Blink
  3669 | D:4      | Identified the +0 leather armour of Twilight {rC+}
  3777 | D:4      | Reached skill level 5 in Fighting
  3942 | D:4      | Reached skill level 5 in Spellcasting
  4015 | D:4      | Noticed Duvessa
  4015 | D:4      | Noticed Dowan
  4050 | D:4      | Killed Dowan
  4051 | D:4      | Reached XP level 8. HP: 52/60 MP: 0/0
  4140 | D:4      | Found the +0 mask of the Dragon {Will+ Slay+3 SInv}
  4166 | D:4      | Noticed Natasha
  4172 | D:4      | Killed Natasha
  4421 | D:4      | Noticed Natasha
  4430 | D:4      | Killed Duvessa
  4431 | D:4      | Reached skill level 6 in Fighting
  4435 | D:4      | HP: 1/61 [white imp/puff of frost[Natasha] (11)]
  4437 | D:4      | Killed from afar by a white imp

Illustrated notes

Levels and vault maps discovered:
D:1:      dreamdust_arrival_sigmund_warning, layout_loops_cross, serial_shops,
          shop_statue, serial_bayou_lagoon_a, minmay_pentomino_q4
D:2:      layout_basic, hellmonk_ecumenical_altar_lost_god
D:3:      layout_rooms, old_standard_altar, gammafunk_ghost_gnarly_gnolls,
          minmay_fractal_squares_5
D:4:      layout_rooms, corexii_checkpoint_b, uniq_duvessa, uniq_grinder,
          uniq_natasha

Skill      XL: |  1  2  3  4  5  6  7  8 |
---------------+-------------------------+-----
Fighting       | 1 2 3 4 5 6 |  6.0
Spellcasting   | 3 4 5 |  5.3
Dodging        | |  2.1
Stealth        | |  1.5

Action                   |  1- 3 |  4- 6 |  7- 9 || total
-------------------------+-------+-------+-------++-------
Melee: Unarmed           |     2 |       |       ||     2
 Cast: Foxfire           |    46 |    59 |    42 ||   147
       Scorch            |       |    17 |    33 ||    50
       Call Imp          |       |     5 |     5 ||    10
       Blink             |       |       |     1 ||     1
  Use: Potion            |       |       |     1 ||     1
Armor: Robe              |     1 |     2 |       ||     3
       Leather armour    |       |       |     1 ||     1
Dodge: Dodged            |     2 |     8 |    19 ||    29
Block: Other             |       |     3 |     4 ||     7
       Reflection        |       |     1 |     1 ||     2
